 Dungeon Crawl Stone Soup version 0.30.0-29-ga12c61a403 (webtiles) character file.

Game seed: 17846378326846135625

5954 Kaoy the Grappler (level 10, -5/96 HPs)
             Began as a Troll Monk on June 19, 2023.
             Was an Elder of Wu Jian.
             Killed from afar by a steam dragon (6 damage)
             ... with a ball of steam
             ... on level 9 of the Dungeon.
             The game lasted 01:01:48 (5907 turns).

Kaoy the Grappler (Troll Monk)                      Turns: 5907, Time: 01:01:51

Health: -5/96      AC:  7    Str: 23    XL:     10   Next: 54%
Magic:  9/9        EV: 13    Int:  6    God:    Wu Jian [****..]
Gold:   74         SH:  0    Dex: 18    Spells: 9/9 levels left

rFire   + .          .
                       - Unarmed
rCold   x . .        c - orb {light}
rNeg    . . .        E - +0 steam dragon scales
rPois   .            (helmet restricted)
rElec   .            (no cloak)
rCorr   .            (gloves unavailable)
SInv    .            (boots unavailable)
Will    +....        (no amulet)
Stlth   +            W - ring of protection from fire
HPRegen 1.16/turn    Z - ring of Dishonour {rC- Will+ Dex+4}
MPRegen 0.11/turn

%: no passive effects
@: lethally poisoned (-5 -> -11), exhausted, slowed, glowing, very slow
A: large, unfitting armour, claws 3, regeneration 1, shaggy fur 1, tough skin 1
a: Renounce Religion, Wall Jump, Serpent's Lash


You were on level 9 of the Dungeon.
You worshipped Wu Jian.
Wu Jian was greatly pleased with you.
You visited 1 branch of the dungeon, and saw 9 of its levels.

You collected 516 gold pieces.
You spent 442 gold pieces at shops.

Inventory:

Hand Weapons
 p - a +1 dagger of flaming
 v - a +0 trident
 w - a +0 dagger
 D - a +2 scimitar of electrocution
 U - the +11 glaive "Hellblazer" {flame, rElec}
   (You found it on level 7 of the Dungeon)

   rElec:     It insulates you from electricity.
Missiles
 e - 44 stones (quivered)
 q - 8 throwing nets
 s - 17 poisoned darts
 y - 6 boomerangs
Armour
 a - a +0 robe
 c - an orb of light (worn)
 d - a +0 scale mail
 k - the +10 plate armour of Cewefya {Drain Int+3 Slay+3}
   (You found it on level 3 of the Dungeon)

   Int:       It affects your intelligence (+3).
   Slay:      It affects your accuracy & damage with ranged weapons and melee
   (+3).
   Drain:     It drains your maximum health when unequipped.
 m - a +0 pair of gloves
 E - +0 steam dragon scales (worn)
 G - a +0 animal skin
 H - a +1 helmet
 O - a +0 robe
 T - a +0 leather armour
Magical Staves
 V - a staff of poison
Jewellery
 W - a ring of protection from fire (left claw)
 Z - the ring of Dishonour (right claw) {rC- Will+ Dex+4}
   (You found it on level 8 of the Dungeon)

   [ring of willpower]

   Dex:       It affects your dexterity (+4).
   rC:        It makes you vulnerable to cold.
   Will:      It increases your willpower.
Wands
 h - a wand of iceblast (16)
 x - a wand of paralysis (33)
 Q - a wand of flame (35)
Scrolls
 j - 8 scrolls of identify {unknown}
 l - 6 scrolls of teleportation {unknown}
 u - a scroll of fear {unknown}
 A - 2 scrolls of enchant weapon {unknown}
 B - 3 scrolls of blinking {unknown}
 C - a scroll of brand weapon {unknown}
 F - a scroll of vulnerability {unknown}
 J - 4 scrolls of immolation {unknown}
 M - a scroll of magic mapping {unknown}
 P - a scroll of amnesia {unknown}
 X - a scroll of silence {unknown}
 Y - a scroll of noise {unknown}
Potions
 b - 2 potions of ambrosia
 f - 2 potions of haste
 i - 7 potions of curing
 n - a potion of resistance {unknown}
 o - 3 potions of mutation
 r - 3 potions of berserk rage {unknown}
 t - 2 potions of flight {unknown}
 z - 2 potions of might
 I - 3 potions of invisibility
 K - a potion of lignification {unknown}
 L - a potion of attraction
 N - a potion of degeneration
 R - 2 potions of cancellation {unknown}
 S - 2 potions of brilliance


   Skills:
 * Level 5.1 Fighting
 * Level 1.5 Armour
 * Level 5.7 Dodging
 * Level 13.7 Unarmed Combat


You had 9 spell levels left.
You didn't know any spells.
Your spell library contained the following spells:

 Spells                   Type           Power      Damage    Failure   Level
 Apportation              Tloc           0%         N/A       45%         1
 Lesser Beckoning         Tloc           0%         N/A       58%         2
 Poisonous Vapours        Pois/Air       0%         N/A       58%         2
 Gell's Gravitas          Tloc           0%         N/A       83%         3
 Mephitic Cloud           Conj/Pois/Air  0%         N/A       83%         3
 Teleport Other           Tloc           0%         N/A       83%         3
 Animate Armour           Summ/Erth      0%         N/A       99%         4
 Alistair's Intoxication  Tmut/Pois      0%         N/A       100%        5
 Blade Hands              Tmut           0%         N/A       100%        5
 Freezing Cloud           Conj/Ice/Air   0%         6-21      100%        5
 Iskenderun's Battlesphe  Conj           0%         2d6       100%        5
 Iron Shot                Conj/Erth      0%         9d1       100%        6
 Spellforged Servitor     Conj/Summ      0%         N/A       100%        7


Dungeon Overview and Level Annotations

Branches:
Dungeon (9/15)             Temple (0/1) D:6            Lair (0/5) D:9
    Orc: D:9-12

Altars:
Fedhas
Uskayaw
Wu Jian

Shops:
D:7 !


Innate Abilities, Weirdness & Mutations

You are too large for most types of armour.
You have claws for hands.
Your natural rate of healing is unusually fast.
You are covered in fur. (AC +1)
You have tough skin. (AC +1)


Message History

You feel as though you will be slow longer.
You scratch the hornet but do no damage.
The hornet is almost dead.
You feel very sick. The hornet stings you.
* * * LOW HITPOINT WARNING * * *
You are lethally poisoned!
You feel as though you will be slow longer.
You feel much better.
You feel extremely sick. The hornet closely misses you. The hornet stings you!
* * * LOW HITPOINT WARNING * * *
You feel as though you will be slow longer.
You feel better. The hornet misses you. The hornet stings you.
* * * LOW HITPOINT WARNING * * *
You are poisoned.
You feel as though you will be slow longer.
The hornet stings you!
* * * LOW HITPOINT WARNING * * *
You feel as though you will be slow longer.
You scratch the hornet.
The hornet is almost dead.
You feel very sick. The hornet barely misses you.
Unknown command.
You closely miss the hornet.
The hornet is almost dead.
You feel sick. The hornet stings you.
* * * LOW HITPOINT WARNING * * *
You are lethally poisoned!
You feel as though you will be slow longer.
The hornet barely misses you.
You mangle the hornet!!
You kill the hornet!
The Council accepts your kill.
* * * LOW HITPOINT WARNING * * *
You feel very sick. The steam dragon breathes steam at you.
The ball of steam hits you. You resist.
You die...

#)..........†............# #
#........................# ##
#........................# #.
#........................# ##.
###........................####..
.............................<...
.................................
########..####.....######))......
#..######@###### #.)†.....
#.##....#§#...!###).....#.
###....#cDo#....##.)....#.
....#.....#....#......##
#.......# ##.....## #.........#
#....... #......[..# #.......
#.........# ###..### #.........#
#..#


You could see a steam dragon (catching breath), an orc warrior and a centaur.

Vanquished Creatures
  Harold (D:9)
  Erica (D:9)
  Maggie (D:7)
  A hornet (D:9)
  Grinder (D:6)
  Prince Ribbit (D:6)
  Sigmund (D:2)
  2 wargs (D:9)
  Duvessa (D:7)
  4 water moccasins
  4 black bears
  3 ice beasts
  An orc warrior (D:7)
  2 ogres
  A centaur (D:7)
  2 phantoms
  A kobold brigand (D:8)
  A gnoll sergeant (D:9)
  A scorpion (D:5)
  3 wights (D:6)
  Dowan (D:7)
  6 killer bees (D:9)
  3 howler monkeys
  2 jellies
  8 hounds
  8 orc priests
  Ijyb (D:3)
  10 orc wizards
  2 iguanas
  Robin (D:2)
  12 gnolls
  9 adders
  2 shadow imps (D:6)
  A white imp (D:6)
  An ufetubus (D:5)
  2 worms
  10 dart slugs
  40 orcs
  4 ball pythons
  6 bats
  7 endoplasms
  3 giant cockroaches
  15 goblins
  6 hobgoblins
  10 jackals
  9 kobolds
  2 quokkas
  7 rats
221 creatures vanquished.

Notes
Turn   | Place    | Note
-------+----------+-------------------------------------------
     0 | D:1      | Kaoy the Troll Monk began the quest for the Orb.
     0 | D:1      | Reached XP level 1. HP: 22/22 MP: 0/0
   118 | D:1      | Reached XP level 2. HP: 24/29 MP: 1/1
   581 | D:1      | Reached XP level 3. HP: 34/36 MP: 2/2
  1011 | D:2      | Noticed Robin
  1021 | D:2      | Reached skill level 4 in Unarmed Combat
  1041 | D:2      | Killed Robin
  1042 | D:2      | Reached XP level 4. HP: 32/44 MP: 3/3
  1255 | D:2      | Noticed Sigmund
  1289 | D:2      | Killed Sigmund
  1290 | D:2      | Reached skill level 5 in Unarmed Combat
  1290 | D:2      | Reached XP level 5. HP: 25/53 MP: 4/4
  1537 | D:3      | Reached XP level 6. HP: 59/61 MP: 5/5
  1747 | D:3      | Found an ornate altar of the Wu Jian Council.
  1748 | D:3      | Noticed Ijyb
  1770 | D:3      | Killed Ijyb
  1787 | D:3      | Reached skill level 6 in Unarmed Combat
  1833 | D:3      | Became a worshipper of the Wu Jian Council
  1833 | D:3      | Reached * piety under Wu Jian
  1833 | D:3      | Reached ** piety under Wu Jian
  2260 | D:3      | Identified the +10 plate armour of Cewefya {Drain Int+3
                  | Slay+3}
  2667 | D:4      | Reached skill level 7 in Unarmed Combat
  2667 | D:4      | Reached XP level 7. HP: 67/67 MP: 6/6
  3031 | D:5      | Entered Level 5 of the Dungeon
  3102 | D:5      | Reached skill level 8 in Unarmed Combat
  3181 | D:5      | Reached XP level 8. HP: 73/78 MP: 7/7
  3291 | D:5      | Reached *** piety under Wu Jian
  3292 | D:5      | Reached skill level 9 in Unarmed Combat
  3830 | D:6      | Noticed Grinder
  3830 | D:6      | Paralysed by Grinder for 5 turns
  3841 | D:6      | Killed Grinder
  3842 | D:6      | Reached skill level 10 in Unarmed Combat
  3861 | D:6      | Reached XP level 9. HP: 84/84 MP: 8/8
  4020 | D:6      | Found a staircase to the Ecumenical Temple.
  4210 | D:6      | Found a blossoming altar of Fedhas.
  4333 | D:6      | Noticed Prince Ribbit
  4341 | D:6      | Killed Prince Ribbit
  4588 | D:7      | Reached skill level 5 in Dodging
  4588 | D:7      | Reached skill level 11 in Unarmed Combat
  4678 | D:7      | Found a hide-covered altar of Uskayaw.
  4750 | D:7      | Noticed Maggie
  4761 | D:7      | Killed Maggie
  4782 | D:7      | Reached skill level 12 in Unarmed Combat
  4803 | D:7      | Reached **** piety under Wu Jian
  4874 | D:7      | Identified the +11 glaive "Hellblazer" {flame, rElec}
  4961 | D:7      | Found Tib Imix's Distillery.
  4996 | D:7      | Bought a potion of might for 52 gold pieces
  4996 | D:7      | Bought a potion of curing for 39 gold pieces
  4996 | D:7      | Bought a potion of attraction for 39 gold pieces
  4996 | D:7      | Bought a potion of degeneration for 13 gold pieces
  4996 | D:7      | Bought a potion of heal wounds for 65 gold pieces
  4996 | D:7      | Bought a potion of brilliance for 52 gold pieces
  5004 | D:7      | Bought a potion of curing for 39 gold pieces
  5004 | D:7      | Bought a potion of curing for 39 gold pieces
  5004 | D:7      | Bought a potion of mutation for 104 gold pieces
  5055 | D:7      | Noticed Dowan
  5055 | D:7      | Noticed Duvessa
  5064 | D:7      | Killed Duvessa
  5066 | D:7      | Killed Dowan
  5353 | D:8      | Identified the ring of Dishonour {rC- Will+ Dex+4}
  5573 | D:9      | Reached XP level 10. HP: 62/94 MP: 9/9
  5626 | D:9      | Noticed Erica
  5638 | D:9      | Killed Erica
  5639 | D:9      | Reached skill level 13 in Unarmed Combat
  5684 | D:9      | Found a staircase to the Lair.
  5729 | D:9      | Noticed Harold
  5735 | D:9      | Reached skill level 1 in Armour
  5750 | D:9      | Killed Harold
  5751 | D:9      | Reached skill level 5 in Fighting
  5895 | D:9      | Paralysed by a hornet for 1 turns
  5906 | D:9      | HP: 4/96 [hornet (3)]
  5907 | D:9      | HP: 1/96 [poisoned by a hornet]
  5907 | D:9      | Killed from afar by a steam dragon

Illustrated notes

Levels and vault maps discovered:
D:1:      minmay_arrival_open_corners, layout_basic, serial_bayou_pond_e
D:2:      layout_rooms, minmay_pentomino_v2, uniq_robin, uniq_sigmund
D:3:      kennysheep_slugbush, layout_loops_ring, nicolae_wu_jian_wuxing_cycle,
          uniq_ijyb
D:4:      layout_gridville, saegor_snake_ambush
D:5:      layout_loops_ring
D:6:      layout_layer_cave, lemuel_tele_altar,
          minmay_temple_entry_statues_fountains, minmay_crystal_room,
          grunt_ministairs_9, uniq_grinder, uniq_prince_ribbit1
D:7:      layout_rooms, eat_drink_and_be_merry_uskayaw, serial_shops,
          nicolae_stop_n_shop_1, uniq_maggie, uniq_duvessa
D:8:      layout_basic
D:9:      kennysheep_ambush_hall, layout_small_grid, erik_lair_orcish_takeover,
          hiddenorc1_lemuel, minivault_24, minivault_16,
          amcnicky_mini_pool_small, minmay_joined_circles, uniq_harold,
          uniq_erica

Skill      XL: |  1  2  3  4  5  6  7  8  9 10 |
---------------+-------------------------------+-----
Unarmed Combat | 4 5 7 8 10 12 13 | 13.7
Fighting       | 3 4 5 |  5.1
Dodging        | 3 4 5 |  5.7
Armour         | 1 |  1.5

Action                     |  1- 3 |  4- 6 |  7- 9 | 10-12 || total
---------------------------+-------+-------+-------+-------++-------
  Melee: Unarmed           |    74 |   131 |   225 |    79 ||   509
 Invoke: Serpent's Lash    |       |       |       |     1 ||     1
Ability: Lunge             |       |     5 |    29 |     5 ||    39
         Whirlwind         |       |     5 |    30 |    22 ||    57
         Wall Jump         |       |       |     1 |     2 ||     3
    Use: Potion            |       |       |       |     6 ||     6
 Armour: Robe              |    21 |    33 |    23 |       ||    77
         Steam dragon scal |       |       |    13 |    21 ||    34
  Dodge: Dodged            |    27 |    57 |    92 |    51 ||   227
